 Dungeon Crawl Stone Soup version 0.31-a0-705-ga145531891 (webtiles) character file.

Game seed: 194254084700822837

659 mandarbmax the Skirmisher (level 7, 0/50 HPs)
             Began as a Formicid Hunter on Sept 10, 2023.
             Was an Initiate of Hepliaklqana.
             Slain by a black bear (3 damage)
             ... on level 5 of the Dungeon.
             The game lasted 00:06:15 (4055 turns).

mandarbmax the Skirmisher (Formicid Hunter)         Turns: 4055, Time: 00:06:15

Health: 0/50       AC:  3    Str: 15    XL:     7   Next: 86%
Magic:  7/7        EV: 17    Int:  9    God:    Hepliaklqana [......]
Gold:   393        SH:  0    Dex: 19    Spells: 6/6 levels left

rFire   . . .        a - +0 shortbow
rCold   . . .        (no shield)
rNeg    . . .        c - +0 leather armour
rPois   .            (helmet unavailable)
rElec   .            (no cloak)
rCorr   .            (no gloves)
SInv    +            (no boots)
Will    .....        (no amulet)
Stlth   ++           g - +5 ring of evasion
HPRegen 0.28/turn    (no ring)
MPRegen 0.10/turn

%: no passive effects
@: no status effects
A: permanent stasis, dig shafts and tunnels, antennae 3, four strong arms
a: Dig, Shaft Self, Renounce Religion


You were on level 5 of the Dungeon.
You worshipped Hepliaklqana.
Hepliaklqana was noncommittal.
You visited 2 branches of the dungeon, and saw 6 of its levels.

You collected 393 gold pieces.

Inventory:

Hand Weapons
 a - a +0 shortbow (weapon)
Armour
 c - a +0 leather armour (worn)
 n - a +0 pair of boots
Jewellery
 g - a +5 ring of evasion (left hand)
 h - an amulet of faith
Wands
 i - a wand of light (22)
 p - a wand of iceblast (6)
Scrolls
 b - a scroll of butterflies
 j - a scroll of enchant armour {unknown}
 k - a scroll of noise
 l - a scroll of teleportation {unknown}
 m - a scroll of amnesia {unknown}
 o - a scroll of identify
 s - a scroll of revelation {unknown}
 u - a scroll of fog {unknown}
Potions
 d - 2 potions of brilliance {unknown}
 e - a potion of might
 f - a potion of attraction {unknown}
 q - 2 potions of heal wounds {unknown}
 r - a potion of invisibility {unknown}
 t - a potion of magic {unknown}


   Skills:
 - Level 2.1 Fighting
 + Level 9.0 Ranged Weapons
 - Level 1.7 Dodging
 - Level 1.2 Stealth


You had 6 spell levels left.
You didn't know any spells.
Your spell library contained the following spells:

 Spells                   Type           Power      Damage    Failure   Level
 Apportation              Tloc           0%         N/A       45%         1
 Necrotise                Necr           0%         1d4       45%         1
 Slow                     Hex            0%         N/A       45%         1
 Summon Small Mammal      Summ           0%         N/A       45%         1
 Lesser Beckoning         Tloc           0%         N/A       58%         2
 Confusing Touch          Hex            0%         N/A       83%         3
 Gell's Gravitas          Tloc           0%         N/A       83%         3
 Sigil of Binding         Hex            0%         N/A       83%         3
 Teleport Other           Tloc           0%         N/A       83%         3
 Tukima's Dance           Hex            0%         N/A       83%         3
 Vampiric Draining        Necr           0%         2d6       83%         3
 Manifold Assault         Tloc           0%         N/A       99%         4
 Passage of Golubria      Tloc           0%         N/A       99%         4
 Agony                    Necr           0%         N/A       100%        5
 Yara's Violent Unravell  Hex/Tmut       0%         3d3       100%        5
 Blink                    Tloc           Unusable   N/A       N/A         2

Dungeon Overview and Level Annotations

Branches:
Dungeon (5/15)             Temple (1/1) D:5

Altars:
Ashenzari
Elyvilon
Fedhas
Gozag
Hepliaklqana
Kikubaaqudgha
Makhleb
Qazlal
Trog
Uskayaw
Vehumet
Wu Jian
Xom
Yredelemnul
Zin
The Shining One

Annotations:
D:4 1 runed translucent door, Crazy Yiuf


Innate Abilities, Weirdness & Mutations

You cannot be hasted, slowed, berserked, paralysed or teleported.
You can dig through walls and to a lower floor.
You have a pair of large antennae on your head. (SInv)
Your four strong arms can wield two-handed weapons with a shield.


Message History

You shoot an arrow. The arrow barely misses the black bear.
The black bear bites you! The black bear claws you.
The black bear barely misses you.
You shoot an arrow. The arrow hits the black bear.
The black bear is severely wounded.
The black bear goes berserk!
You shoot an arrow. The arrow hits the black bear.
The black bear is severely wounded.
The black bear bites you! The black bear claws you.
The black bear completely misses you. The scorpion stings you.
You are too injured to fight recklessly!
You are too injured to fight recklessly!
As you read the scroll labelled TEPUFU ZAVORCH, it crumbles to dust.
You hear a loud clanging noise!
It was a scroll of noise.
You hear an angry hiss.
You hear a shout! x9
The black bear bites you. The black bear claws you.
The black bear claws you but does no damage.
The black bear bites you!
* * * LOW HITPOINT WARNING * * *
The black bear misses you. The black bear barely misses you.
The scorpion closely misses you.
As you read the scroll labelled FEHYWU ROMUIGU, it crumbles to dust.
It is a scroll of identify.
e - a potion of might The black bear misses you.
The black bear closely misses you. The black bear misses you.
The scorpion closely misses you.
Okay, then.
The black bear misses you. The black bear claws you.
* * * LOW HITPOINT WARNING * * *
The black bear barely misses you. The scorpion completely misses you.
The black bear bites you but does no damage.
The black bear claws you.
* * * LOW HITPOINT WARNING * * *
The black bear closely misses you.
You begin to dig a shaft.
You continue digging a shaft.
The scorpion stings you but does no damage.
The black bear bites you but does no damage.
The black bear closely misses you. The black bear claws you.
You die...

.#.........#.#....##...
.#..##.....###.......^.
.....#...P.P...........
................##......
.............#......##..
......#....###..#.......
............###.###...#.
<................#......
................@h..#
.............#...s.##
..........##.#....## . #
#.##.. #. ... .. ....
... ..... ... #.....


You could see a black bear (berserk) and a scorpion.

Vanquished Creatures
  A sky beast (D:5)
  A phantom (D:4)
  A howler monkey (D:2)
  2 hounds
  2 jellies (D:5)
  An orc priest (D:3)
  A gnoll bouda (D:4)
  A sleepcap (D:5)
  Natasha (thrice) (D:3)
  7 adders
  A white imp (D:4)
  An adder zombie (D:3)
  An adder skeleton (D:3)
  A worm (D:4)
  3 dart slugs
  4 orcs
  9 ball pythons
  8 endoplasms
  3 giant cockroaches
  7 hobgoblins
  4 jackals (D:4)
  10 kobolds
  3 quokkas
  7 bats
  A giant cockroach zombie (D:3)
  7 goblins
  A quokka skeleton (D:3)
  2 quokka zombies (D:3)
  15 rats
108 creatures vanquished.

Notes
Turn   | Place    | Note
-------+----------+-------------------------------------------
     0 | D:1      | mandarbmax the Formicid Hunter began the quest for the Orb.
     0 | D:1      | Reached XP level 1. HP: 16/16 MP: 1/1
    42 | D:1      | Reached XP level 2. HP: 22/22 MP: 2/2
   353 | D:1      | Reached XP level 3. HP: 27/27 MP: 3/3
   508 | D:1      | Reached skill level 5 in Ranged Weapons
  1050 | D:2      | Reached XP level 4. HP: 33/33 MP: 4/4
  1611 | D:3      | Reached skill level 6 in Ranged Weapons
  1611 | D:3      | Reached XP level 5. HP: 19/38 MP: 5/5
  1714 | D:3      | Noticed Natasha
  1725 | D:3      | Killed Natasha
  1827 | D:3      | Identified the +0 dagger of Shrieking Terror {pain, Int+4
                  | SInv}
  1899 | D:3      | Noticed Natasha
  1911 | D:3      | Killed Natasha
  1964 | D:3      | Found a glowing golden altar of the Shining One.
  1973 | D:3      | Found a radiant altar of Vehumet.
  2002 | D:3      | Noticed Natasha
  2024 | D:3      | Killed Natasha
  2025 | D:3      | Reached XP level 6. HP: 34/44 MP: 6/6
  2345 | D:4      | Reached skill level 7 in Ranged Weapons
  2774 | D:4      | Found a runed translucent door.
  2775 | D:4      | Noticed Crazy Yiuf
  3296 | D:4      | Reached XP level 7. HP: 36/50 MP: 7/7
  3306 | D:4      | Reached skill level 8 in Ranged Weapons
  3753 | D:5      | Entered Level 5 of the Dungeon
  3753 | D:5      | Found a white marble altar of Elyvilon.
  3857 | D:5      | Found a staircase to the Ecumenical Temple.
  3895 | Temple   | Entered the Ecumenical Temple
  3901 | Temple   | Became a worshipper of Hepliaklqana the Forgotten
  4021 | D:5      | Reached skill level 9 in Ranged Weapons
  4023 | D:5      | Found an ancient bone altar of Kikubaaqudgha.
  4055 | D:5      | Slain by a black bear

Illustrated notes

Levels and vault maps discovered:
D:1:      dpeg_arrival_ternary, layout_basic, minmay_rat_gold_closets
D:2:      layout_basic, lightli_corner_chamber
D:3:      layout_basic, mainiacjoe_overflow_swirl, dilly_guarded_unrand_morg
D:4:      cheibrodos_barr_body, layout_layer_cave, uniq_crazy_yiuf_cottage
D:5:      layout_cave_pools, kiku_gazebo_garden_becter, lemuel_crystal_altar,
          minmay_temple_entry_offerings, uniq_menkaure
Temple:   hellmonk_temple_two_chambers

Skill      XL: |  1  2  3  4  5  6  7 |
---------------+----------------------+-----
Ranged Weapons | 5 6 7 9 |  9.0
Fighting       | |  2.1
Dodging        | |  1.7
Stealth        | |  1.2

Action                     |  1- 3 |  4- 6 |  7- 9 || total
---------------------------+-------+-------+-------++-------
   Fire: Shortbow          |    83 |   220 |    74 ||   377
Ability: Dig               |       |     1 |     1 ||     2
         Shaft Self        |       |       |     1 ||     1
    Use: Scroll            |       |       |     2 ||     2
 Armour: Leather armour    |     6 |    35 |    25 ||    66
  Dodge: Dodged            |    12 |    75 |    44 ||   131

Table legend: (Time is in decaauts)
 A = Elapsed time spent in this place.
 B = Non-inter-level travel time spent in this place.
 C = Inter-level travel time spent in this place.
 D = Time resting spent in this place.
 E = Time spent auto-exploring this place.
 F = Levels seen in this place.
 G = Mean time per level.
                   A        B        C        D        E       F      G
               +--------+--------+--------+--------+--------+-----+--------+
         Total |   4099 |   3792 |    307 |      0 |   3108 |   6 |  683.2 |
       Dungeon |   4086 |   3785 |    301 |      0 |   3108 |   5 |  817.2 |
        Temple |     12 |      6 |      6 |      0 |      0 |   1 |   12.0 |
               +--------+--------+--------+--------+--------+-----+--------+

Top non-repeatable levels by time:
     D:4: 1655 daAuts
     D:2: 848 daAuts
     D:3: 750 daAuts
     D:1: 649 daAuts
     D:5: 184 daAuts
  Temple: 12 daAuts
